 Dungeon Crawl Stone Soup version 0.29.1-12-g30fa7ad0bf (webtiles) character file.

Game seed: 7796286617862945002

3187 H0rd4k the Magician (level 9, -8/62 HPs)
             Began as an Octopode Artificer on Jan 4, 2023.
             Mangled by an orc warrior
             ... wielding a +0 glaive
              (26 damage)
             ... on level 7 of the Dungeon.
             The game lasted 00:12:34 (10274 turns).

H0rd4k the Magician (Octopode Artificer)           Turns: 10274, Time: 00:12:35

Health: -8/62      AC:  3    Str: 11    XL:     9   Next: 95%
Magic:  23/28      EV: 13    Int: 18    God:
Gold:   294        SH:  0    Dex: 12    Spells: 20/22 levels left

rFire   . . .      SeeInvis .     - Unarmed
rCold   . . .      Faith    .   (no shield)
rNeg    . . .      Spirit   .   x - +2 hat
rPois   .          Reflect  .   (no amulet)
rElec   .          Harm     .   C - ring of magical power
rCorr   .          Rampage  .   (no ring)
Will    .....                   (no ring)
Stlth   +++.......              (no ring)
HPRegen 0.20/turn               (no ring)
MPRegen 0.21/turn               (no ring)
                                (no ring)
                                (no ring)

@: no status effects
A: almost no armour, amphibious, 8 rings, camouflage 1, gelatinous body 1,
(nimble swimmer 1), tentacles
a: no special abilities


You were on level 7 of the Dungeon.
You visited 2 branches of the dungeon, and saw 8 of its levels.
You also visited: Sewer.

You collected 294 gold pieces.

Inventory:

Missiles
 e - 42 poisoned darts
 w - 2 curare-tipped darts
Armour
 x - a +2 hat (worn)
Magical Staves
 p - a staff of fire
Jewellery
 C - a ring of magical power (left tentacle)
 F - a ring of protection from cold
Wands
 b - a wand of flame (8)
 c - a wand of charming (8)
Scrolls
 d - a scroll of enchant armour {unknown}
 f - 2 scrolls of torment {unknown}
 h - 2 scrolls of amnesia {unknown}
 k - 3 scrolls of magic mapping {unknown}
 m - 3 scrolls of silence {unknown}
 o - 3 scrolls of identify {unknown}
 q - 5 scrolls of noise {unknown}
 y - 2 scrolls of teleportation {unknown}
 A - 2 scrolls of fear {unknown}
 B - 3 scrolls of butterflies {unknown}
 D - a scroll of enchant weapon {unknown}
Potions
 a - 4 potions of curing
 g - a potion of magic {unknown}
 i - a potion of lignification
 j - 5 potions of heal wounds {unknown}
 l - 3 potions of invisibility {unknown}
 n - a potion of berserk rage {unknown}
 r - 2 potions of degeneration {unknown}
 s - a potion of brilliance {unknown}
 t - 2 potions of cancellation {unknown}
 u - a potion of attraction {unknown}
 v - a potion of resistance {unknown}
 E - a potion of mutation {unknown}
Miscellaneous
 z - a piece from Xom's chessboard (15/15)


   Skills:
 * Level 6.0 Fighting
 - Level 2.3 Dodging
 - Level 1.3 Stealth
 + Level 6.2 Unarmed Combat
 * Level 7.2 Spellcasting
 + Level 4.1 Air Magic
 + Level 5.9 Poison Magic
 - Level 3.2 Evocations


You had 20 spell levels left.
You knew the following spells:

 Your Spells              Type           Power      Damage    Failure   Level
a - Poisonous Vapours     Pois/Air       48%        N/A       1%          2

Your spell library contained the following spells:

 Spells                   Type           Power      Damage    Failure   Level
 Sting                    Tmut/Pois      68%        1d6       3%          1
 Spider Form              Tmut/Pois      17%        N/A       10%         3
 Olgreb's Toxic Radiance  Pois           27%        N/A       10%         4
 Beastly Appendage        Tmut           12%        N/A       11%         1
 Wereblood                Tmut           6%         N/A       16%         2
 Call Canine Familiar     Summ           6%         N/A       32%         3
 Ozocubu's Armour         Ice            6%         N/A       32%         3
 Portal Projectile        Hex/Tloc       12%        N/A       32%         3
 Leda's Liquefaction      Hex/Erth       3%         N/A       71%         4
 Metabolic Englaciation   Hex/Ice        3%         N/A       96%         5
 Simulacrum               Ice/Necr       3%         N/A       100%        6


Dungeon Overview and Level Annotations

Branches:
Dungeon (7/15)             Temple (1/1) D:5           Sewer (visited)

Altars:
Ashenzari
Cheibriados
Dithmenos
Elyvilon
Hepliaklqana
Kikubaaqudgha
Makhleb
Nemelex Xobeh
Okawaru
Ru
Trog
Uskayaw
Vehumet
Yredelemnul
Zin
The Shining One

Shops:
D:2 [

Annotations:
D:5 exclusions: downstairs and 1 more exclusion
D:6 exclusion: 2 downstairs


Innate Abilities, Weirdness & Mutations

You cannot wear most types of armour.
You are amphibious.
You can wear up to eight rings at the same time.
Your skin changes colour to match your surroundings (Stealth+).
Your rubbery body absorbs attacks. (AC +1, EV +1)
((You are camouflaged when in or above water. (Stealth+)))
You have tentacles for arms and can constrict up to eight enemies at once.


Message History

There is a stone staircase leading up here.
You miscast Poisonous Vapours.
You are very lightly contaminated with residual magic.
Nothing appears to happen.
The orc shouts!
Poisonous vapours surround the orc!
The orc is poisoned.
Poisonous vapours surround the orc wizard!
The orc wizard is poisoned.
Poisonous vapours surround the orc wizard!
The orc wizard looks even sicker.
The orc warrior shouts!
Poisonous vapours surround the orc wizard!
The orc wizard looks as sick as possible!
The orc wizard points at you and mumbles some strange words.
You are confused.
The orc shouts!
You're too confused to cast spells.
Your magical contamination has completely faded away.
You feel less confused.
You kill the orc!
The orc wizard casts a spell at you. The puff of flame hits you!
The orc wizard casts a spell at you. The puff of flame hits you!
The orc wizard casts a spell at you.
You are confused.
You're too confused to move!
The orc wizard casts a spell at you. The puff of flame misses you.
The orc warrior misses you.
The orc wizard mumbles some strange words.
The orc wizard flickers and vanishes!
Deactivating autopickup; reactivate with Ctrl-A.
The orc warrior hits you with a +0 glaive!
The orc attacks as you move away! The orc hits you with a +0 flail!
You feel less confused.
You feel a bit more experienced.
The orc warrior hits you with a +0 glaive.
* * * LOW HITPOINT WARNING * * *
The orc warrior hits you from afar with a +0 glaive!!
You die...

# #####.####[########.###.##### #
#...#.#....#.........##.'.._. #
#...#.#.####.........)..###.# #
#...#.#.####........###.# #.#
#####...#.#.............# #.###+#
..........#...........#####......
..........'....................+.
..........#....................#.
..........#....o@.......)........
....<.....#...o#.....#......<....
..........#.n..#.....#......)....
###.......'....#..............##.
###......##....#..........##.....
...........).###..........##...♣.
.).....###.....#..........##.....
.......# #.....#####...##.....≈..
......####........##....#........


You could see an orc warrior, a necrophage and an orc.

Vanquished Creatures
  Pikel (D:7)
  Prince Ribbit (D:7)
  Sigmund (D:6)
  A steam dragon (D:7)
  An ice beast (D:6)
  A sky beast (D:7)
  2 black bears (D:5)
  An ogre (D:7)
  3 centaurs (D:7)
  6 kobold brigands (Sewer)
  4 bullfrogs
  A gnoll sergeant (D:5)
  2 scorpions
  A wight (D:7)
  A howler monkey (D:7)
  An electric eel (D:7)
  2 orc priests
  2 iguanas
  2 orc wizards
  9 gnolls
  7 river rats
  3 adders
  2 shadow imps (D:5)
  2 white imps
  2 ufetubi
  5 worms
  3 dart slugs
  16 orcs
  4 bats
  A bat skeleton (D:2)
  13 endoplasms
  A giant cockroach (D:2)
  4 goblins
  5 hobgoblins
  11 kobolds
  3 quokkas
  7 ball pythons
  3 frilled lizards
  9 rats
144 creatures vanquished.

Vanquished Creatures (collateral kills)
  A kobold brigand (Sewer)
  3 gnolls (D:3)
  An adder (D:4)
  2 rats
7 creatures vanquished.

Vanquished Creatures (others)
  A gnoll sergeant (D:3)
  A gnoll (D:5)
  5 demonic plants (D:5)
7 creatures vanquished.

Grand Total: 158 creatures vanquished

Notes
Turn   | Place    | Note
-------+----------+-------------------------------------------
     0 | D:1      | H0rd4k the Octopode Artificer began the quest for the Orb.
     0 | D:1      | Reached XP level 1. HP: 13/13 MP: 1/1
   519 | D:1      | Reached XP level 2. HP: 7/18 MP: 2/2
   875 | D:1      | Reached skill level 1 in Spellcasting
  1123 | D:1      | Learned a level 2 spell: Poisonous Vapours
  1637 | D:1      | Reached XP level 3. HP: 22/24 MP: 4/4
  1784 | D:2      | Found Deafoaprocle's Armour Shop.
  1892 | D:2      | Found a faded altar of an unknown god.
  2737 | D:3      | Reached skill level 1 in Unarmed Combat
  2778 | D:3      | Noticed a gnoll sergeant
  2787 | D:3      | Reached skill level 1 in Poison Magic
  2787 | D:3      | Reached XP level 4. HP: 30/30 MP: 6/6
  3323 | D:3      | You fall into a shaft and drop 1 floor!
  3437 | D:4      | Reached XP level 5. HP: 33/35 MP: 7/7
  3462 | D:4      | Reached skill level 2 in Spellcasting
  3482 | D:4      | HP: 1/35 [river rat (4)]
  3609 | D:4      | Found a glowing drain.
  3616 | Sewer    | Entered a sewer
  3891 | Sewer    | Noticed a kobold brigand
  3894 | Sewer    | Killed a kobold brigand
  3895 | Sewer    | Reached XP level 6. HP: 42/42 MP: 9/9
  4024 | Sewer    | Reached XP level 7. HP: 36/46 MP: 9/11
  4663 | Sewer    | Reached skill level 3 in Spellcasting
  4806 | Sewer    | Reached skill level 5 in Unarmed Combat
  6015 | D:5      | Entered Level 5 of the Dungeon
  6046 | D:5      | Reached XP level 8. HP: 6/54 MP: 11/13
  6385 | D:5      | Found a hide-covered altar of Uskayaw.
  6423 | D:5      | Reached skill level 1 in Air Magic
  6657 | D:5      | Found a staircase to the Ecumenical Temple.
  6766 | D:5      | Reached skill level 4 in Spellcasting
  6780 | Temple   | Entered the Ecumenical Temple
  7547 | D:5      | Found a broken altar of Ashenzari.
  7550 | D:5      | Found a snail-covered altar of Cheibriados.
  7952 | D:6      | Noticed Sigmund
  8515 | D:6      | Reached skill level 5 in Spellcasting
  8617 | D:6      | Killed Sigmund
  8618 | D:6      | Reached skill level 5 in Fighting
  8618 | D:6      | Reached XP level 9. HP: 61/61 MP: 11/17
  8871 | D:7      | Noticed Pikel
  9052 | D:7      | Noticed Prince Ribbit
  9077 | D:7      | Killed Prince Ribbit
  9216 | D:7      | Found a hazy altar of Hepliaklqana.
  9289 | D:7      | Reached skill level 6 in Spellcasting
  9384 | D:7      | Killed Pikel
  9385 | D:7      | Reached skill level 5 in Poison Magic
  9869 | D:7      | Reached skill level 7 in Spellcasting
  9975 | D:7      | Found a radiant altar of Vehumet.
 10274 | D:7      | Mangled by an orc warrior

Illustrated notes

Levels and vault maps discovered:
D:1:      dpeg_arrival_tiny_i, layout_basic, minmay_misc_feat_x
D:2:      layout_basic, serial_shops, nicolae_diamond_shop, serial_undead,
          serial_undead_e, serial_undead_b, serial_undead_a, serial_undead_c,
          basic_ecumenical_altar
D:3:      layout_loops_cross
D:4:      layout_loops_ring, lightli_sewer_entry_pipes,
          roderic_cross_of_infinity
D:5:      lemuel_ice_spiral_2, layout_rooms, mainiacjoe_overflow_catwalk,
          mainiacjoe_overflow_big_doors, minmay_temple_entry_mini_moons,
          serial_demonic, serial_demonic_c, serial_demonic_c, serial_demonic_b,
          serial_demonic_c, serial_demonic_e, serial_demonic_c,
          serial_demonic_g, hellmonk_bongcloud_opening, kennysheep_cross_room,
          lightli_minifort
D:6:      layout_gridville, uniq_sigmund
D:7:      layout_basic, lemuel_doored_altar, nicolae_overflow_hidden_temple,
          serial_shops, kennysheep_mini_moat,
          hangedman_abyss_or_decor_lesser_grid, eino_tiny_chamber,
          nicolae_kite_square_tiling_tiny, uniq_pikel, uniq_prince_ribbit1
Temple:   grunt_temple_mini_profane

Skill      XL: |  1  2  3  4  5  6  7  8  9 |
---------------+----------------------------+-----
Spellcasting   | 1 2 3 5 7 |  7.2
Fighting       | 2 3 4 5 6 |  6.0
Unarmed Combat | 1 2 3 4 5 6 |  6.2
Poison Magic   | 1 2 3 4 5 |  5.9
Air Magic      | 2 4 |  4.1
Dodging        | |  2.3
Stealth        | |  1.3
Evocations     | |  3.2

Action                   |  1- 3 |  4- 6 |  7- 9 || total
-------------------------+-------+-------+-------++-------
Melee: Unarmed           |    99 |    62 |   152 ||   313
       Constrict         |    21 |    17 |    40 ||    78
       Tentacles         |    21 |    31 |    49 ||   101
       Punch             |       |     2 |     9 ||    11
 Cast: Poisonous Vapours |       |       |   128 ||   128
Evoke: Wand              |     3 |    12 |    25 ||    40
  Use: Potion            |       |     2 |       ||     2
 Stab: Sleeping          |     9 |     5 |     7 ||    21
Armor: Skin              |    13 |     4 |    19 ||    36
Dodge: Dodged            |    61 |    21 |   107 ||   189
